3AA
CASPER GHOSTS @ FT. POLK SOUTH THUNDER HAWKS
07/29/2030
 
TOP OF THE 1ST
Casper Ghosts batting - Pitching for Ft. Polk South Thunder Hawks : LHP Min-chin Kim
Pitching: LHP Min-chin Kim
Batting: RHB Steve Weber 0-0: Swinging Strike
0-1: Fly out, F7 (Line Drive, 7)
Batting: SHB Paco Ríos 0-0: Ball
1-0: Ball
2-0: Ball
3-0: Called Strike
3-1: Fly out, F7 (Line Drive, 7)
Batting: LHB Yu-zeng Si 0-0: Called Strike
0-1: Fly out, F9 (Line Drive, 9)
Top of the 1st over - 0 runs, 0 hits, 0 errors, 0 left on base; Casper 0 - Ft. Polk South 0
BOTTOM OF THE 1ST
Ft. Polk South Thunder Hawks batting - Pitching for Casper Ghosts : RHP Rhett Abbott
Pitching: RHP Rhett Abbott
Batting: LHB Dallas Ihde 0-0: Ball
1-0: Fly out, F7 (Flyball, 7LD)
Batting: RHB Borja Berrios 0-0: Called Strike
0-1: Ground out 6-3 (Groundball, 6)
Batting: LHB Danny Trautmann 0-0: Called Strike
0-1: DOUBLE (Groundball, 5L)
Batting: RHB Doug Allerdale 0-0: Ball
1-0: Ground out 5-3 (Groundball, 56S)
Bottom of the 1st over - 0 runs, 1 hit, 0 errors, 1 left on base; Casper 0 - Ft. Polk South 0
TOP OF THE 2ND
Casper Ghosts batting - Pitching for Ft. Polk South Thunder Hawks : LHP Min-chin Kim
Batting: RHB Kevin Baxter 0-0: Ball
1-0: Ball
2-0: Called Strike
2-1: Foul Ball, location: 2F
2-2: Foul Ball, location: 2F
2-2: Ball
3-2: Base on Balls
Batting: RHB Félix Ramos 0-0: SINGLE (Groundball, 6MD)
Kevin Baxter to second
Batting: RHB José Córdova 0-0: Called Strike
0-1: Foul Ball, location: 2F
0-2: Foul Ball, location: 2F
0-2: Strikes out swinging
Batting: RHB Adrijan Markovski 0-0: Ball
1-0: Grounds into double play, 4-6-3 (Groundball, 4M)
Top of the 2nd over - 0 runs, 1 hit, 0 errors, 1 left on base; Casper 0 - Ft. Polk South 0
BOTTOM OF THE 2ND
Ft. Polk South Thunder Hawks batting - Pitching for Casper Ghosts : RHP Rhett Abbott
Batting: LHB Tim Stinson 0-0: Called Strike
0-1: Swinging Strike
0-2: Strikes out swinging
Batting: LHB Gabriel Amezquita 0-0: Ball
1-0: Ball
2-0: Ball
3-0: Called Strike
3-1: Foul Ball, location: 2F
3-2: Ground out 3-1 (Groundball, 34S)
Batting: RHB Howard Lee 0-0: Ball
1-0: Ball
2-0: Ball
3-0: Base on Balls
Batting: RHB Lee Suárez 0-0: Called Strike
0-1: Called Strike
0-2: Strikes out looking
Bottom of the 2nd over - 0 runs, 0 hits, 0 errors, 1 left on base; Casper 0 - Ft. Polk South 0
TOP OF THE 3RD
Casper Ghosts batting - Pitching for Ft. Polk South Thunder Hawks : LHP Min-chin Kim
Batting: RHB Roberto De La Cruz 0-0: SINGLE (Groundball, 34D)
Batting: LHB Jorge Morín 0-0: Ball
1-0: Ball
2-0: Foul Ball, location: 2F
2-1: Foul Ball, location: 2F
2-2: Foul Ball, location: 2F
2-2: Fly out, F9 (Flyball, 89S)
Batting: RHB Steve Weber 0-0: Called Strike
0-1: Foul Ball, location: 2F
0-2: Ball
1-2: Strikes out swinging
Batting: SHB Paco Ríos 0-0: Ball
1-0: Called Strike
1-1: SINGLE (Line Drive, 9S)
Roberto De La Cruz to second
Runner from 2nd tries for 3rd, SAFE, no throw
Batting: LHB Yu-zeng Si 0-0: SINGLE (Groundball, 34S) (infield hit)
Roberto De La Cruz scores
Paco Ríos to second
Batting: RHB Kevin Baxter 0-0: Called Strike
0-1: Foul Ball, location: 2F
0-2: Strikes out swinging
Top of the 3rd over - 1 run, 3 hits, 0 errors, 2 left on base; Casper 1 - Ft. Polk South 0
BOTTOM OF THE 3RD
Ft. Polk South Thunder Hawks batting - Pitching for Casper Ghosts : RHP Rhett Abbott
Batting: RHB Scott Dourque 0-0: Ball
1-0: Ball
2-0: Foul Ball, location: 2F
2-1: Ball
3-1: Called Strike
3-2: Strikes out swinging
Batting: LHB Dallas Ihde 0-0: Swinging Strike
0-1: Ball
1-1: Ball
2-1: Foul Ball, location: 2F
2-2: Ground out 1-5-3 (Groundball, 15S)
Batting: RHB Borja Berrios 0-0: Ball
1-0: Called Strike
1-1: Ball
2-1: Called Strike
2-2: Foul Ball, location: 2F
2-2: Strikes out swinging
Bottom of the 3rd over - 0 runs, 0 hits, 0 errors, 0 left on base; Casper 1 - Ft. Polk South 0
TOP OF THE 4TH
Casper Ghosts batting - Pitching for Ft. Polk South Thunder Hawks : LHP Min-chin Kim
Batting: RHB Félix Ramos 0-0: Called Strike
0-1: Fly out, F9 (Flyball, 89S)
Batting: RHB José Córdova 0-0: Ball
1-0: Ground out 6-3 (Groundball, 6)
Batting: RHB Adrijan Markovski 0-0: Ball
1-0: Ball
2-0: SINGLE (Flyball, 7S)
Batting: RHB Roberto De La Cruz 0-0: Ball
1-0: Swinging Strike
1-1: Swinging Strike
1-2: Strikes out swinging
Top of the 4th over - 0 runs, 1 hit, 0 errors, 1 left on base; Casper 1 - Ft. Polk South 0
BOTTOM OF THE 4TH
Ft. Polk South Thunder Hawks batting - Pitching for Casper Ghosts : RHP Rhett Abbott
Batting: LHB Danny Trautmann 0-0: Foul Ball, location: 2F
0-1: Foul Ball, location: 2F
0-2: Ball
1-2: Fly out, F8 (Flyball, 8LS)
Batting: RHB Doug Allerdale 0-0: Ball
1-0: Ground out 5-3 (Groundball, 5S)
Batting: LHB Tim Stinson 0-0: Ball
1-0: Foul Ball, location: 2F
1-1: Called Strike
1-2: Foul Ball, location: 2F
1-2: Strikes out swinging
Bottom of the 4th over - 0 runs, 0 hits, 0 errors, 0 left on base; Casper 1 - Ft. Polk South 0
TOP OF THE 5TH
Casper Ghosts batting - Pitching for Ft. Polk South Thunder Hawks : LHP Min-chin Kim
Batting: LHB Jorge Morín 0-0: Ball
1-0: Called Strike
1-1: Ball
2-1: Ground out 4-3 (Groundball, 34D)
Batting: RHB Steve Weber 0-0: Foul Ball, location: 2F
0-1: Called Strike
0-2: Ball
1-2: Ball
2-2: SINGLE (Groundball, 6MD)
Batting: SHB Paco Ríos 0-0: Ball
1-0: Grounds into double play, 6-4-3 (Groundball, 6)
Top of the 5th over - 0 runs, 1 hit, 0 errors, 0 left on base; Casper 1 - Ft. Polk South 0
BOTTOM OF THE 5TH
Ft. Polk South Thunder Hawks batting - Pitching for Casper Ghosts : RHP Rhett Abbott
Batting: LHB Gabriel Amezquita 0-0: Called Strike
0-1: Called Strike
0-2: Ball
1-2: Fly out, F8 (Flyball, 8LD)
Batting: RHB Howard Lee 0-0: Called Strike
0-1: Ball
1-1: Ground out 6-3 (Groundball, 6)
Batting: RHB Lee Suárez 0-0: Ball
1-0: Called Strike
1-1: Ball
2-1: Swinging Strike
2-2: Fly out, F8 (Flyball, 78M)
Bottom of the 5th over - 0 runs, 0 hits, 0 errors, 0 left on base; Casper 1 - Ft. Polk South 0
TOP OF THE 6TH
Casper Ghosts batting - Pitching for Ft. Polk South Thunder Hawks : LHP Min-chin Kim
Batting: LHB Yu-zeng Si 0-0: Ball
1-0: Ball
2-0: Ball
3-0: Called Strike
3-1: Base on Balls
Batting: RHB Kevin Baxter 0-0: Ground out 5-3 (Groundball, 56S)
Yu-zeng Si to second
Batting: RHB Félix Ramos 0-0: Called Strike
0-1: Called Strike
0-2: Foul Ball, location: 2F
0-2: Strikes out looking
Batting: RHB José Córdova 0-0: Called Strike
0-1: Foul Ball, location: 2F
0-2: Strikes out looking
Top of the 6th over - 0 runs, 0 hits, 0 errors, 1 left on base; Casper 1 - Ft. Polk South 0
BOTTOM OF THE 6TH
Ft. Polk South Thunder Hawks batting - Pitching for Casper Ghosts : RHP Rhett Abbott
Batting: RHB Scott Dourque 0-0: Called Strike
0-1: Foul Ball, location: 2F
0-2: Strikes out looking
Batting: LHB Dallas Ihde 0-0: Swinging Strike
0-1: Fly out, F8 (Flyball, 8LD)
Batting: RHB Borja Berrios 0-0: Ball
1-0: Called Strike
1-1: Called Strike
1-2: Foul Ball, location: 2F
1-2: Ball
2-2: Foul Ball, location: 2F
2-2: Foul Ball, location: 2F
2-2: Ball
3-2: Foul Ball, location: 2F
3-2: Base on Balls
Batting: LHB Danny Trautmann 0-0: Ball
1-0: Called Strike
Borja Berrios steals 2nd base
1-1: Ball
2-1: Foul Ball, location: 2F
2-2: Strikes out swinging
Bottom of the 6th over - 0 runs, 0 hits, 0 errors, 1 left on base; Casper 1 - Ft. Polk South 0
TOP OF THE 7TH
Casper Ghosts batting - Pitching for Ft. Polk South Thunder Hawks : LHP Min-chin Kim
Batting: RHB Adrijan Markovski 0-0: DOUBLE (Groundball, 5L)
Pinch Hitting: RHB Armando Pacheco 0-0: Intentional Walk
Batting: LHB Jorge Morín 0-0: Called Strike
0-1: Ball
1-1: Foul Ball, location: 2F
1-2: Foul Ball, location: 2F
1-2: Strikes out swinging
Batting: RHB Steve Weber 0-0: Ball
1-0: Ball
2-0: Called Strike
2-1: Swinging Strike
2-2: Ball
3-2: Strikes out swinging
Pitching: RHP Tommy Rowe
Batting: SHB Paco Ríos 0-0: Called Strike
0-1: Ground out U3 (Groundball, 3)
Top of the 7th over - 0 runs, 1 hit, 0 errors, 2 left on base; Casper 1 - Ft. Polk South 0
BOTTOM OF THE 7TH
Ft. Polk South Thunder Hawks batting - Pitching for Casper Ghosts : RHP Rhett Abbott
Now at 1B: Yataro Matsuura
Batting: RHB Doug Allerdale 0-0: Swinging Strike
0-1: Foul Ball, location: 2F
0-2: Ball
1-2: Ball
2-2: Ball
3-2: Fly out, F3 (Popup, 3F)
Batting: LHB Tim Stinson 0-0: Called Strike
0-1: Ball
1-1: Ball
2-1: Fly out, F8 (Flyball, 8RM)
Batting: LHB Gabriel Amezquita 0-0: Foul Ball, location: 2F
0-1: Foul Ball, location: 2F
0-2: Foul Ball, location: 2F
0-2: Foul Ball, location: 2F
0-2: Foul Ball, location: 2F
0-2: Foul Ball, location: 2F
0-2: Ball
1-2: SINGLE (Line Drive, 4M)
Pitching: LHP Reuben Moerman
Batting: RHB Howard Lee 0-0: Fielders Choice at 2nd, 6-4 (Groundball, 6)
Bottom of the 7th over - 0 runs, 1 hit, 0 errors, 1 left on base; Casper 1 - Ft. Polk South 0
TOP OF THE 8TH
Casper Ghosts batting - Pitching for Ft. Polk South Thunder Hawks : RHP Tommy Rowe
Batting: LHB Yu-zeng Si 0-0: Fly out, F7 (Flyball, 7)
Batting: RHB Kevin Baxter 0-0: Ball
1-0: SINGLE (Line Drive, 7S)
Batting: RHB Félix Ramos 0-0: Called Strike
0-1: Ball
1-1: Ball
2-1: Foul Ball, location: 2F
2-2: Fielders Choice at 2nd, 6-4 (Groundball, 6D)
Batting: RHB José Córdova 0-0: Called Strike
0-1: Ball
1-1: Ball
2-1: Ball
3-1: Swinging Strike
3-2: Foul Ball, location: 2F
3-2: Base on Balls
Félix Ramos to second
Pinch Hitting: RHB John Aston 0-0: Ball
1-0: Ball
2-0: Called Strike
2-1: Swinging Strike
2-2: Fly out, F5 (Popup, 56S)
Top of the 8th over - 0 runs, 1 hit, 0 errors, 2 left on base; Casper 1 - Ft. Polk South 0
BOTTOM OF THE 8TH
Ft. Polk South Thunder Hawks batting - Pitching for Casper Ghosts : LHP Reuben Moerman
Now in LF: Alonso Rodríguez
Batting: RHB Lee Suárez 0-0: Ball
1-0: Ball
2-0: Foul Ball, location: 2F
2-1: Ball
3-1: Foul Ball, location: 2F
3-2: Base on Balls
Batting: RHB Scott Dourque 0-0: Ball
1-0: Bunted foul
1-1: Sac Bunt - play at first, batter OUT! 2-4
Lee Suárez to second
Pinch Hitting: RHB Erik Sterk 0-0: Foul Ball, location: 2F
0-1: Fly out, F7 (Flyball, 7S)
Batting: RHB Borja Berrios 0-0: Ball
1-0: Called Strike
1-1: SINGLE (Line Drive, 4MD)
Lee Suárez to third
Runner from 3rd tries for Home, SAFE, no throw
Batting: LHB Danny Trautmann 0-0: Ball
Borja Berrios is caught stealing 2nd base
Bottom of the 8th over - 1 run, 1 hit, 0 errors, 0 left on base; Casper 1 - Ft. Polk South 1
TOP OF THE 9TH
Casper Ghosts batting - Pitching for Ft. Polk South Thunder Hawks : RHP Tommy Rowe
Now in LF: Erik Sterk
Batting: LHB Yataro Matsuura 0-0: SINGLE (Line Drive, 5D)
Batting: LHB Jorge Morín 0-0: Called Strike
0-1: Ball
1-1: Foul Ball, location: 2F
1-2: Ball
2-2: Ball
3-2: SINGLE (Groundball, 56S) (infield hit)
Yataro Matsuura to second
Batting: RHB Steve Weber 0-0: Ball
1-0: Sac Bunt - play at first, batter OUT! 1-4
Yataro Matsuura to third
Jorge Morín to second
Batting: SHB Paco Ríos 0-0: Called Strike
0-1: Fly out, F6 (Line Drive, 6)
Batting: LHB Yu-zeng Si 0-0: Called Strike
0-1: Ball
1-1: Ball
2-1: Called Strike
2-2: 3-RUN HOME RUN (Flyball, 9LD), Distance : 332 ft
Pitching: RHP Joey Hamman
Batting: RHB Kevin Baxter 0-0: Swinging Strike
0-1: Swinging Strike
0-2: Ball
1-2: Ball
2-2: Hit by Pitch
Batting: RHB Félix Ramos 0-0: Ball
1-0: Called Strike
1-1: Ball
2-1: Ball
3-1: SINGLE (Groundball, 34D)
Kevin Baxter to second
Runner from 2nd tries for 3rd, SAFE, no throw
Batting: RHB José Córdova 0-0: Called Strike
0-1: Foul Ball, location: 2F
0-2: Foul Ball, location: 2F
0-2: Ball
1-2: Ball
2-2: Ball
3-2: Foul Ball, location: 2F
3-2: SINGLE (Groundball, 4MD)
Kevin Baxter scores
Félix Ramos to second
Félix Ramos to third
Batting: SHB Alonso Rodríguez 0-0: Ball
1-0: DOUBLE (Line Drive, 89D)
Félix Ramos scores
José Córdova to third
Runner from 3rd tries for Home, SAFE, throw made at trailing runner, OUT at third!
Top of the 9th over - 6 runs, 6 hits, 0 errors, 0 left on base; Casper 7 - Ft. Polk South 1
BOTTOM OF THE 9TH
Ft. Polk South Thunder Hawks batting - Pitching for Casper Ghosts : LHP Reuben Moerman
Now at C: Henry Appleby
Batting: LHB Danny Trautmann 0-0: Called Strike
0-1: Foul Ball, location: 2F
0-2: Foul Ball, location: 2F
0-2: Ball
1-2: Strikes out swinging
Batting: RHB Doug Allerdale 0-0: Called Strike
0-1: Fly out, F8 (Flyball, 8LM)
Batting: LHB Tim Stinson 0-0: Called Strike
0-1: Called Strike
0-2: Foul Ball, location: 2F
0-2: Foul Ball, location: 2F
0-2: Strikes out swinging
Bottom of the 9th over - 0 runs, 0 hits, 0 errors, 0 left on base; Casper 7 - Ft. Polk South 1
Sunday, March 18th, 2018 - OOTP Baseball 18.8 Build 76